 Dungeon Crawl Stone Soup version 0.23-a0-899-gbbae0a3 (webtiles) character file.

Game seed: 11650446696939713396

49 ohad the Skirmisher (level 3, -1/60 HPs)
             Began as an Ogre Berserker on Jan 29, 2019.
             Was a Follower of Trog.
             Slain by an adder (3 damage)
             ... on level 1 of the Dungeon.
             The game lasted 00:03:53 (1333 turns).

ohad the Skirmisher (Ogre Berserker)                Turns: 1333, Time: 00:03:54

Health: -1/60      AC:  3    Str: 26    XL:     3   Next: 75%
Magic:  3/3        EV: 10    Int:  8    God:    Trog [*.....]
Gold:   134        SH:  0    Dex:  6    Spells: 2/2 levels left

rFire    . . .     SeeInvis .   a - +0 mace
rCold    . . .     Gourm    .   (no shield)
rNeg     . . .     Faith    .   b - +0 animal skin
rPois    .         Spirit   .   (helmet restricted)
rElec    .         Reflect  .   (no cloak)
rCorr    .         Harm     .   (gloves unavailable)
MR       .....                  (boots unavailable)
Stlth    ..........             (no amulet)
HPRegen  0.20/turn              d - -3 ring of dexterity (curse)
MPRegen  0.08/turn              (no ring)

@: berserking (expiring), lethally poisoned (-1 -> -9), very quick
A: large, unfitting armour, tough skin 1
a: Berserk, Renounce Religion


You were on level 1 of the Dungeon.
You worshipped Trog.
Trog was aware of your devotion.
You were very hungry.

You visited 1 branch of the dungeon, and saw 2 of its levels.

You collected 134 gold pieces.

Inventory:

Hand Weapons
 a - a +0 mace (weapon)
Armour
 b - a +0 animal skin (worn)
Jewellery
 d - a cursed -3 ring of dexterity (left hand)
Scrolls
 e - 3 scrolls of remove curse {unknown}
 g - 4 scrolls of teleportation {unknown}
Potions
 h - a potion of heal wounds {unknown}
Comestibles
 c - 4 rations


   Skills:
 - Level 4.3 Fighting
 + Level 3.8 Maces & Flails
 - Level 2.9 Dodging


You had 2 spell levels left.
You didn't know any spells.
Your spell library was empty.

Dungeon Overview and Level Annotations

Branches:
Dungeon (2/15)

Altars:
Makhleb


Innate Abilities, Weirdness & Mutations

You are too large for most types of armour.
You have tough skin. (AC +1)


Message History

The leopard gecko bites you but does no damage.
You closely miss the adder.
The adder is almost dead.
The adder bites you.
* * * LOW HITPOINT WARNING * * *
The leopard gecko closely misses you. The adder bites you.
* * * LOW HITPOINT WARNING * * *
You are poisoned.
The adder poisons you!
You closely miss the adder.
The adder is severely wounded.
You feel sick. The leopard gecko barely misses you. The adder bites you.
* * * LOW HITPOINT WARNING * * *
You are more poisoned.
The adder poisons you!
You closely miss the adder.
The adder is severely wounded.
* * * LOW HITPOINT WARNING * * *
You feel sick. The leopard gecko barely misses you. The adder bites you.
You die...

#.# #.#.# ##### #.###
#.#.# #...# #.#.# ###.#
######.#.# #### #.#
#......#.### #... #.#
#.######...# #.#. #.# #.#
###.####)#. #.# #S#
#.#....#. #.# #@#
##.#.##### #.# #l#
#.......#.
#.#######.#######..###..#.
#...............)..# #..#)
#########.######...# #....
#.######...# #.#.#
#..........###.#.#
########.......#.#
##.####....


You could see an adder and a leopard gecko.

Vanquished Creatures
  2 adders
  An ooze (D:1)
  2 leopard geckos
  A giant cockroach (D:1)
  2 goblins (D:1)
  6 hobgoblins
  A bat (D:1)
  3 frilled lizards (D:1)
  4 kobolds (D:1)
  3 rats (D:1)
25 creatures vanquished.

Notes
Turn   | Place    | Note
-------+----------+-------------------------------------------
     0 | D:1      | ohad the Ogre Berserker began the quest for the Orb.
     0 | D:1      | Reached XP level 1. HP: 24/24 MP: 1/1
    39 | D:1      | Reached XP level 2. HP: 17/32 MP: 2/2
   643 | D:1      | Reached XP level 3. HP: 33/40 MP: 3/3
   941 | D:2      | Found a burning altar of Makhleb.
  1332 | D:1      | HP: 3/60 [adder (2)]
  1333 | D:1      | Slain by an adder

Vault maps used:
D:1:      dpeg_arrival_arbitrary_b
D:2:      lemuel_crystal_altar, uniq_natasha

Skill      XL: |  1  2 |
---------------+-------+-----
Maces & Flails | 3 |  3.8
Fighting       | |  4.3
Dodging        | |  2.9

Action                   || total
-------------------------++-------
Melee: Mace              ||   109
Invok: Berserk           ||     3
  Eat: Chunk             ||     3
Armor: Animal skin       ||    25
Dodge: Dodged            ||    63

Table legend:
 A = Non-vault XP
 B = Vault XP
 C = Vault XP percentage of total XP
 D = Non-vault monster count
 E = Vault monster count
 F = Vault count percentage of total count
                 A         B        C        D         E       F
            +---------+---------+-------+---------+---------+-------
      Total |      70 |       0 |   0.0 |      25 |       0 |   0.0
            +---------+---------+-------+---------+---------+-------
        D:1 |      50 |       0 |   0.0 |      21 |       0 |   0.0
        D:2 |      20 |       0 |   0.0 |       4 |       0 |   0.0
            +---------+---------+-------+---------+---------+-------
